[Event "Grand Prix Riga 2019"]
[Site "Riga"]
[Date "2019.07.13"]
[Round "1.4"]
[White "Dubov, Daniil"]
[Black "Mamedyarov, Shakhriyar"]
[Result "0-1"]
[ECO "A34"]
[WhiteElo "2700"]
[BlackElo "2765"]
[Annotator "RC"]
[PlyCount "155"]
[EventDate "2019.07.10"]
[EventType "k.o."]
[EventCountry "LAT"]
[SourceTitle "playchess.com"]
[Source "ChessBase"]
[SourceQuality "1"]
[TimeControl "40/5400+30:1800+30"]

1. Nf3 Nf6 2. c4 c5 3. Nc3 d5 4. cxd5 Nxd5 5. d4 Nxc3 6. bxc3 g6 7. e4 Bg7 8. Bb5+ Nc6 9. O-O O-O 10. Be3 Bg4 11. d5 Ne5 12. Be2 Nxf3+ 13. Bxf3 Bxf3 14. Qxf3 Bxc3 15. Rab1 b6 16. Bxc5 Rc8 17. Be3 Qd7 18. Rfc1 f5 19. g3 Bf6 20. Bf4 fxe4 21. Qxe4 Qf5 22. Qe6+ Qxe6 23. dxe6 g5 24. Be3 Kg7 25. g4 Rfd8 26. a4 h6 27. Kg2 Rxc1 28. Rxc1 Rd5 29. Kf3 Ra5 30. Rc4 Be5 31. Ke4 Kf6 32. Bd2 b5 33. axb5 Rxb5 34. Ra4 Bb8 35. Ra1 Kxe6 36. h4 gxh4 37. Rh1 Re5+ 38. Kd3 Rd5+ 39. Kc2 h5 40. Rxh4 hxg4 41. Rxg4 Bd6 42. Ra4 Bc5 43. f3 Bb6 44. Bc3 Kd7 45. Re4 Bc5 46. f4 Kc6 47. Ra4 Rh5 48. Kb3 Rh3 49. Kc4 Re3 50. Ra6+ Bb6 51. Be5 Re1 52. Ra2 Re4+ 53. Kd3 Kd5 54. Ra6 Re3+ 55. Kd2 Kc4 56. Ra4+ Kb5 57. Ra1 Rh3 58. Rf1 e6 59. Bb8 Rh8 60. Be5 Rh2+ 61. Kd3 Rh3+ 62. Kd2 Kc4 63. Rc1+ Kd5 64. Rc8 Ke4 65. Re8 Rh6 66. Kc3 Be3 67. Ra8 Rh1 68. Re8 Rc1+ 69. Kb3 Rc6 70. Rf8 Rb6+ 71. Kc4 Rc6+ 72. Kb3 Rb6+ 73. Kc4 a5 74. Ra8 Rc6+ 75. Kb3 Bxf4 76. Bc3 Bc7 77. Rc8 a4+ 78. Kc2 {[%emt 0:00:16] Ke5} 0-1

[Event "Grand Prix Riga 2019"]
[Site "Riga"]
[Date "2019.07.14"]
[Round "1.6"]
[White "Nakamura, Hikaru"]
[Black "Topalov, Veselin"]
[Result "1/2-1/2"]
[ECO "A05"]
[WhiteElo "2754"]
[BlackElo "2740"]
[Annotator "ChessBase"]
[PlyCount "99"]
[EventDate "2019.07.10"]
[EventType "k.o."]
[EventCountry "LAT"]
[SourceTitle "playchess.com"]
[Source "ChessBase"]
[SourceQuality "1"]
[TimeControl "1500+10"]

1. Nf3 Nf6 2. e3 g6 3. b4 Bg7 4. Bb2 O-O 5. c4 b6 6. Be2 c5 7. a3 Bb7 8. O-O d6 9. d3 Nbd7 10. Nc3 e6 11. Qb3 Qe7 12. d4 Rab8 13. a4 d5 14. bxc5 bxc5 15. Ba3 Rfc8 16. cxd5 Nxd5 17. Nxd5 Bxd5 18. Qd1 Qd8 19. Ba6 Rc7 20. Bb5 cxd4 21. Nxd4 Nb6 22. Rc1 Rxc1 23. Bxc1 Rc8 24. Ba6 Rb8 25. Re1 Nd7 26. Bb5 Nc5 27. Ba3 Bf8 28. Qc2 Rc8 29. Rc1 Bb7 30. Qb1 Be4 31. Qa2 Bd5 32. Qc2 Qg5 33. Bf1 Qd8 34. Qd1 h5 35. Nb5 a6 36. Nd4 Bb7 37. Rb1 Be4 38. Rc1 e5 39. Nf3 Qxd1 40. Rxd1 Bxf3 41. gxf3 Nxa4 42. Bxa6 Ra8 43. Bb7 Rb8 44. Bxf8 Kxf8 45. Bc6 Nb6 46. Ra1 Rc8 47. Be4 Nd7 48. Ra7 Nf6 49. Ra5 Nxe4 50. fxe4 1/2-1/2